 Dungeon Crawl Stone Soup version 0.21-a0-84-g85d6d27 (webtiles) character file.

98 sscrono2 the Sneak (level 4, 0/30 HPs)
             Began as an Octopode Assassin on July 6, 2017.
             Slain by an orc
             ... wielding a +0 dagger
              (2 damage)
             ... on level 3 of the Dungeon.
             The game lasted 00:02:30 (1690 turns).

sscrono2 the Sneak (Octopode Assassin)              Turns: 1690, Time: 00:02:31

Health: 0/30       AC:  1    Str: 10    XL:     4   Next: 71%
Magic:  4/4        EV: 12    Int: 14    God:
Gold:   134        SH:  0    Dex: 13    Spells: 3/3 levels left

rFire    . . .     SeeInvis .   a - +1 dagger (venom)
rCold    . . .     Gourm    .   (no shield)
rNeg     . . .     Faith    .   (helmet restricted)
rPois    .         Spirit   .   l - amulet of magic regeneration
rElec    .         Reflect  .   m - ring of wizardry
rCorr    .         Harm     .   (no ring)
MR       .....                  (no ring)
Stlth    ++++......             (no ring)
HPRegen  0.10/turn              (no ring)
MPRegen  0.34/turn              (no ring)
                                (no ring)
                                (no ring)

@: heavily drained
A: almost no armour, stealthy swim, amphibious, 8 rings, constrict 8, camouflage
1, gelatinous body 1
a: no special abilities


You were on level 3 of the Dungeon.
You were not hungry.

You visited 1 branch of the dungeon, and saw 3 of its levels.

You collected 134 gold pieces.

Inventory:

Hand Weapons
 a - a +1 dagger of venom (weapon)
 b - a +0 blowgun
Missiles
 c - 8 poisoned needles
 d - 2 curare-tipped needles
Jewellery
 l - an amulet of magic regeneration (around mantle)
 m - a ring of wizardry (left tentacle)
Scrolls
 i - a scroll of recharging {unknown}
 j - 2 scrolls of identify {unknown}
 k - a scroll of teleportation {unknown}
 o - a scroll of amnesia {unknown}
 p - a scroll of random uselessness {unknown}
 q - a scroll of enchant weapon {unknown}
 r - a scroll of enchant armour {unknown}
Potions
 e - a potion of mutation {unknown}
 g - a potion of invisibility {unknown}
Comestibles
 f - a bread ration
 h - 7 fruits
 n - 6 chunks of flesh


   Skills:
 + Level 2.9(1.8) Fighting
 + Level 3.0(1.9) Short Blades
 - Level 2.0(0.9) Throwing
 - Level 1.0(0.0) Dodging
 * Level 6.7(5.5) Stealth


You had 3 spell levels left.
You didn't know any spells.

Dungeon Overview and Level Annotations

Branches:
Dungeon (3/15)

Altars:


Innate Abilities, Weirdness & Mutations

You cannot wear most types of armour.
You are very stealthy in the water. (Stealth+)
You are amphibious.
You can wear up to eight rings at the same time.
You can use your tentacles to constrict eight enemies at once.
Your skin changes colour to match your surroundings (Stealth+).
Your rubbery body absorbs attacks. (AC +1, EV +1)


Message History

You barely miss the orc. You grab the orc. You constrict the orc.
The orc hits you with a dagger. The adder bites you.
You are too injured to fight recklessly!
You are too injured to fight recklessly!
You are too injured to fight recklessly!
You are too injured to fight recklessly!
You hit the adder.
The adder is poisoned.
Your grab misses the adder.
The adder is lightly wounded.
You constrict the orc. The orc hits you with a hand axe!
* * * LOW HITPOINT WARNING * * *
The adder bites you.
* * * LOW HITPOINT WARNING * * *
The orc completely misses you.
You hit the adder.
The adder looks even sicker.
Your grab misses the adder. Your squeeze misses the adder.
The adder is severely wounded.
You constrict the orc. The orc misses you. The adder bites you.
* * * LOW HITPOINT WARNING * * *
The orc hits you with a dagger.
You die...

#.............
#.............
#.............
#.............
#.............
#.............
#...oS........
#...[@........
#...o.........
#.............
#.............
#.............
#...........).
#.............
...######.####


You could see an adder and 2 orcs.

Vanquished Creatures
  3 adders (D:2)
  3 worms (D:2)
  3 dart slugs (D:1)
  A leopard gecko (D:1)
  3 orcs (D:3)
  4 giant cockroaches
  6 goblins
  7 hobgoblins
  A quokka (D:2)
  A ball python (D:2)
  4 bats
  10 kobolds
  10 rats
56 creatures vanquished.

Notes
Turn   | Place    | Note
-------+----------+-------------------------------------------
     0 | D:1      | sscrono2 the Octopode Assassin began the quest for the Orb.
     0 | D:1      | Reached XP level 1. HP: 14/14 MP: 1/1
    36 | D:1      | Reached XP level 2. HP: 12/19 MP: 2/2
   312 | D:1      | Reached XP level 3. HP: 22/25 MP: 3/3
   631 | D:2      | Reached skill level 6 in Stealth
   930 | D:2      | Reached XP level 4. HP: 27/30 MP: 4/4
  1690 | D:3      | Slain by an orc

Vault maps used:
D:1:      tarquinn_simple_flora_water_b, minmay_pentomino_v2
D:3:      marbit_many_paths, minmay_misc_feat_ornament

Skill      XL: |  1  2  3  4 |
---------------+-------------+-----
Stealth        | 6 |  6.7
Short Blades   | 3 |  3.0
Fighting       | |  2.9
Throwing       | |  2.0
Dodging        | |  1.0

Action                   |  1- 3 |  4- 6 || total
-------------------------+-------+-------++-------
Melee: Dagger            |    55 |    51 ||   106
       Constrict         |    19 |    13 ||    32
       Tentacles         |    13 |    10 ||    23
 Stab: Sleeping          |     5 |     5 ||    10
  Eat: Chunk             |       |     2 ||     2
Armor: Skin              |     7 |     4 ||    11
Dodge: Dodged            |    16 |    22 ||    38
